Map: Eternal Empire LE

Players

MarineLorD - Winner!

  • Race: Terran Terran
  • Spawn Location: 1:00

Denver

  • Race: Zerg Zerg
  • League: Master
  • Spawn Location: 7:00

Event: DreamHack SC2 Masters 2020 Summer Europe

VOD

Have the link to the VOD?

Description

Time

  • Played on: July 8, 2020, 12:52 p.m.
  • Length: 18:15

All games in this series

Show
View Real Time Build Order
Export as new Build Order

MarineLorD Terran - Winner!

Build Orders:  

Get SALT Encoding   

  12  0:00  SCV  
  13  0:12  SCV  
  14  0:17  Supply Depot  
  14  0:24  SCV  
  15  0:38  SCV  
  15  0:40  Barracks  
  16  0:44  Refinery  
  16  0:51  SCV  
  17  1:03  SCV  
  18  1:15  SCV  
  19  1:26  Barracks Reactor  
  19  1:27  Orbital Command  
  19  1:40  Command Center  
  19  1:48  Supply Depot  
  19  1:52  SCV  
  20  2:02  Marine x2  
  20  2:05  SCV  
  23  2:10  Factory  
  23  2:17  SCV  
  23  2:20  Marine x2  
  26  2:29  SCV  
  27  2:31  Refinery  
  27  2:38  Marine x2  
  27  2:41  SCV  
  30  2:53  SCV, Orbital Command  
  30  2:55  Marine x2  
  30  2:57  Factory Reactor, Starport  
  33  3:05  SCV  
  34  3:13  Marine x2  
  34  3:17  SCV  
  34  3:18  SCV  
  38  3:27  Supply Depot  
  38  3:29  SCV  
  38  3:30  SCV  
  38  3:31  Marine x2  
  42  3:36  Supply Depot  
  42  3:41  SCV, Widow Mine  
  42  3:42  SCV  
  46  3:48  Medivac x2  
  46  3:52  Supply Depot  
  46  3:53  SCV  
  46  3:54  Marine x2  
  53  3:56  SCV  
  54  4:05  SCV  
  54  4:08  SCV  
  56  4:12  Marine x2  
  56  4:15  Fusion Core  
  58  4:18  SCV  
  58  4:20  SCV  
  58  4:23  Supply Depot  
  60  4:32  Starport Tech Lab  
  60  4:34  Marine x2  
  60  4:36  Hellion x2  
  60  4:37  SCV x2  
  68  4:49  SCV x2  
  68  4:52  Marine x2  
  72  4:57  Command Center  
  72  5:07  Battlecruiser  
  72  5:12  Supply Depot x2  
  78  5:18  SCV x2  
  80  5:23  Supply Depot  
  80  5:24  Refinery x2  
  80  5:31  SCV x2  
  80  5:32  Hellion x2  
  86  5:39  Supply Depot  
  86  5:43  SCV x2  
  86  5:47  Factory  
  86  5:48  Factory  
  88  5:53  Hellion  
  88  5:55  SCV x2  
  89  6:07  SCV x2  
  91  6:12  Hellion  
  93  6:19  SCV x2  
  95  6:26  Refinery  
  95  6:29  Refinery  
  95  6:31  SCV x2, Hellion  
  96  6:33  Hellion  
  92  6:41  Battlecruiser  
  92  6:43  SCV x2  
  98  6:52  Factory Tech Lab x2  
  92  6:55  Armory, SCV  
  92  6:56  Armory  
  92  6:57  Orbital Command  
  92  6:58  SCV  
  94  7:07  SCV  
  94  7:08  Weapon Refit  
  95  7:10  SCV  
  95  7:15  Cyclone x2  
  102  7:16  Mag-Field Accelerator  
  102  7:19  SCV  
  104  7:22  SCV  
  98  7:35  SCV x2, Supply Depot  
  98  7:36  Hellion x2  
  104  7:38  SCV  
  104  7:47  SCV x2, Cyclone x2  
  104  7:50  SCV  
  104  7:51  Battlecruiser  
  119  7:54  Supply Depot  
  119  7:58  Engineering Bay  
  118  8:04  Hellion  
  120  8:07  Hellion  
  120  8:09  Terran Vehicle Weapons Level 1, Terran Vehicle And Ship Armor Level 1  
  122  8:19  Cyclone x2  
  128  8:22  SCV x3  
  128  8:23  Command Center  
  128  8:26  Hellion  
  133  8:30  Supply Depot  
  133  8:31  Supply Depot  
  133  8:32  Missile Turret  
  133  8:34  SCV x3  
  133  8:37  Infernal Pre-Igniter  
  136  8:47  Supply Depot  
  140  8:49  Supply Depot  
  140  8:50  Factory  
  140  8:52  Factory  
  140  9:00  Cyclone x2, Widow Mine x2  
  138  9:04  SCV x2  
  134  9:19  Factory  
  134  9:21  Factory  
  134  9:22  Missile Turret, Factory  
  134  9:23  Starport Reactor, Missile Turret x2  
  134  9:25  Hellion x2  
  138  9:32  Cyclone  
  138  9:33  Cyclone  
  138  9:37  Missile Turret  
  144  9:42  Factory Reactor, Factory Tech Lab  
  144  9:47  Hellion x2  
  148  9:54  Supply Depot  
  148  10:01  Hellion  
  148  10:05  Hellion  
  148  10:06  Unknown, Missile Turret x2, Command Center, Sensor Tower  
  152  10:10  Terran Vehicle Weapons Level 2, Terran Vehicle And Ship Armor Level 2  
  152  10:21  Cyclone  
  155  10:22  Hellion x3  
  155  10:23  Drilling Claws  
  161  10:29  Factory Tech Lab  
  161  10:42  Cyclone x3  
  170  10:54  Planetary Fortress  
  166  11:06  Command Center  
  166  11:11  Hellion x2, Cyclone x2  
  164  11:14  Cyclone x2  
  174  11:21  Cyclone  
  174  11:22  Hellion x3  
  165  11:35  Hellion x3  
  165  11:43  Cyclone x2  
  165  11:46  Cyclone x2  
  177  11:49  SCV x2  
  177  11:51  Hellion x3  
  177  11:53  Cyclone  
  174  11:55  SCV, Unknown  
  174  11:56  Hellion  
  174  12:01  SCV  
  178  12:02  Hellion x2  
  182  12:15  Cyclone x2  
  188  12:18  Cyclone  
  188  12:20  Missile Turret  
  192  12:23  Refinery, Siege Tank  
  192  12:25  Refinery, Sensor Tower, Siege Tank  
  182  12:41  Hellion x2  
  182  12:42  Hellion x2  
  180  12:47  Cyclone x2  
  180  12:48  SCV, Hellion  
  180  12:49  SCV x2, Orbital Command  
  180  12:50  Cyclone  
  180  12:55  Cyclone  
  183  13:00  SCV  
  183  13:01  SCV  
  183  13:04  Hellion x3, Cyclone  
  194  13:09  Terran Vehicle Weapons Level 3  
  192  13:19  Cyclone  
  195  13:20  Missile Turret  
  195  13:26  Sensor Tower  
  195  13:37  Cyclone x2  
  193  13:52  Refinery  
  193  13:53  Command Center x2, Refinery  
  193  13:55  Command Center  
  193  13:59  Neosteel Armor  
  193  14:00  Starport  
  193  14:01  Starport  
  193  14:03  Missile Turret  
  190  14:20  Cyclone x3  
  190  14:22  Cyclone x2  
  190  14:23  Hellion x2  
  193  14:38  Hellion  
  192  14:46  Terran Vehicle And Ship Armor Level 3  
  192  14:52  Cyclone  
  192  14:53  Cyclone  
  198  15:00  Missile Turret  
  198  15:01  Missile Turret  
  198  15:04  Hellion x2, Cyclone  
  197  15:11  Cyclone x2  
  197  15:13  Orbital Command  
  192  15:16  Hellion  
  192  15:17  Hellion x3  
  184  15:25  Cyclone x2  
  160  15:29  Hellion  
  160  15:30  Hellion  
  161  15:36  Cyclone  
  161  15:38  Hellion x4  
  169  15:43  Cyclone  
  169  15:44  Cyclone  
  173  15:51  Hellion  
  175  15:58  Orbital Command x2  
  175  16:00  SCV x3  
  175  16:02  Hellion, Cyclone x2  
  175  16:03  Hellion x2  
  187  16:05  SCV  
  187  16:07  Planetary Fortress  
  188  16:19  Refinery  
  188  16:21  Terran Ship Weapons Level 1  
  188  16:22  Refinery  
  188  16:40  Cyclone x2  
  188  16:42  Hellion, Cyclone  
  199  16:48  Command Center  
  184  17:06  Cyclone x2  
  184  17:07  Hellion x2  
  194  17:12  Cyclone  
  197  17:16  Command Center  
  195  17:23  Liberator x2  
  182  17:40  Cyclone x4  
  182  17:41  Hellion x4  
  182  17:53  Hellion  
Show
View Real Time Build Order
Export as new Build Order

Denver Zerg 

Build Orders: Hatch First, Muta Ling Bane, Swarm Host 

Get SALT Encoding   

  12  0:00  Drone  
  13  0:12  Overlord  
  13  0:17  Drone  
  14  0:31  Drone x2  
  16  0:49  Hatchery  
  15  0:53  Drone  
  15  0:56  Drone  
  17  1:00  Drone  
  18  1:11  Extractor  
  17  1:16  Spawning Pool  
  16  1:19  Drone  
  16  1:24  Drone  
  18  1:29  Drone  
  19  1:42  Drone  
  20  1:50  Overlord  
  20  2:03  Queen x2  
  20  2:04  Zergling x2  
  20  2:05  Zergling x2  
  26  2:11  Drone  
  26  2:14  Metabolic Boost  
  27  2:17  Drone  
  27  2:22  Drone  
  29  2:38  Hatchery  
  29  2:42  Drone  
  29  2:46  Drone  
  29  2:50  Overlord  
  30  2:53  Drone  
  30  2:57  Drone  
  32  3:00  Overlord  
  32  3:02  Drone  
  33  3:07  Pneumatized Carapace  
  33  3:11  Drone  
  34  3:14  Drone  
  34  3:17  Drone x2  
  37  3:21  Drone x2  
  39  3:27  Queen  
  42  3:34  Drone x3  
  42  3:41  Overlord  
  44  3:43  Drone  
  45  3:50  Queen, Drone  
  45  3:51  Drone x2  
  50  3:55  Overlord  
  50  3:58  Drone  
  50  4:01  Queen  
  53  4:03  Zergling x2  
  53  4:04  Zergling x2  
  55  4:10  Lair  
  55  4:12  Drone x2  
  55  4:13  Drone  
  58  4:17  Overlord  
  58  4:21  Overlord  
  58  4:23  Drone x3  
  61  4:25  Drone  
  61  4:28  Baneling Nest  
  61  4:31  Overlord  
  61  4:33  Zergling x4  
  61  4:35  Zergling x2  
  64  4:40  Zergling x2  
  64  4:44  Zergling x8  
  69  4:45  Overlord  
  69  4:48  Spine Crawler  
  69  4:50  Zergling x2  
  69  4:51  Zergling x4  
  71  4:57  Extractor  
  71  4:58  Zergling x2  
  71  4:59  Zergling x8  
  75  5:07  Zergling x2  
  75  5:08  Zergling x6  
  78  5:15  Drone x7  
  78  5:19  Baneling  
  85  5:26  Baneling x3  
  85  5:27  Queen  
  85  5:29  Queen x2  
  85  5:31  Zergling x8  
  92  5:36  Baneling x5  
  92  5:37  Baneling  
  92  5:42  Drone x2  
  94  5:43  Overlord  
  94  5:47  Extractor  
  94  5:48  Overlord  
  93  5:51  Overlord  
  93  5:54  Extractor  
  93  5:56  Zergling x6  
  92  5:59  Drone  
  92  6:02  Centrifical Hooks  
  89  6:06  Drone x3  
  89  6:07  Drone  
  89  6:09  Zergling x8, Extractor  
  95  6:12  Overseer  
  95  6:18  Spore Crawler  
  94  6:21  Drone x3  
  94  6:23  Overlord  
  91  6:33  Drone  
  91  6:34  Drone x4  
  91  6:39  Drone x7  
  99  6:44  Hatchery  
  93  6:47  Drone x3  
  93  6:53  Zergling x2  
  92  6:59  Evolution Chamber  
  92  7:00  Evolution Chamber  
  89  7:04  Drone  
  89  7:06  Zergling x10  
  89  7:08  Overseer  
  95  7:11  Spire  
  95  7:15  Extractor  
  93  7:17  Drone x3  
  93  7:21  Spore Crawler  
  93  7:28  Zergling x12  
  96  7:35  Zerg Missile Weapons Level 1  
  98  7:37  Drone x3  
  98  7:39  Zerg Melee Weapons Level 1  
  98  7:43  Roach Warren  
  97  7:49  Hatchery  
  95  7:54  Drone x5  
  94  8:08  Drone x7  
  101  8:24  Overlord  
  101  8:25  Mutalisk x4  
  109  8:28  Mutalisk  
  109  8:31  Zerg Flyer Weapons Level 1  
  109  8:33  Glial Reconstitution  
  109  8:34  Overlord x2  
  111  8:35  Infestation Pit  
  111  8:37  Roach x3  
  116  8:43  Mutalisk  
  116  8:47  Hatchery  
  116  8:50  Mutalisk x3  
  121  8:56  Mutalisk  
  121  9:08  Mutalisk x4  
  124  9:11  Drone x6  
  124  9:13  Unknown  
  125  9:21  Overlord x2  
  121  9:27  Roach x4  
  123  9:32  Spore Crawler  
  123  9:33  Roach x6  
  131  9:39  Roach x3  
  131  9:40  Roach  
  137  9:48  Overlord  
  137  9:50  Swarm Host x3  
  142  9:58  Zerg Missile Weapons Level 2, Zerg Melee Weapons Level 2  
  142  10:04  Swarm Host  
  142  10:06  Drone  
  142  10:07  Drone x4  
  150  10:10  Extractor  
  150  10:11  Overlord  
  150  10:14  Swarm Host x3  
  149  10:17  Overlord  
  156  10:21  Corruptor  
  156  10:22  Corruptor  
  160  10:28  Spore Crawler  
  160  10:29  Spore Crawler, Drone  
  160  10:33  Zergling x2  
  160  10:34  Zergling x18, Roach  
  171  10:36  Overlord  
  171  10:38  Overlord  
  171  10:39  Corruptor  
  171  10:41  Ravager x3  
  170  10:44  Corruptor  
  170  10:49  Drone x4  
  175  10:57  Corruptor x2  
  175  10:58  Corruptor  
  181  11:08  Corruptor x3  
  168  11:17  Zergling x12, Roach  
  156  11:34  Swarm Host  
  156  11:35  Swarm Host x7  
  173  11:42  Zergling x2  
  173  11:43  Zergling x14  
  177  11:51  Zergling x16  
  183  12:01  Ravager x4  
  183  12:02  Ravager  
  183  12:07  Roach x6  
  200  12:10  Baneling x13  
  194  12:27  Zergling x28, Roach  
  178  12:38  Zergling x18  
  181  12:48  Zergling x2  
  181  12:49  Overseer  
  181  12:50  Overseer, Drone  
  181  12:51  Drone x3  
  177  13:00  Corruptor x5  
  174  13:11  Roach x7  
  188  13:13  Queen  
  190  13:21  Ravager x3  
  190  13:23  Roach  
  190  13:24  Roach x2  
  184  13:38  Roach x12  
  194  13:50  Ravager x6  
  194  13:52  Baneling x8  
  194  14:12  Hatchery  
  179  14:24  Overlord  
  179  14:25  Overlord x6  
  171  14:42  Overlord x2  
  171  14:45  Zergling x26, Roach x2  
  182  14:51  Zergling x8  
  182  14:52  Zergling x4  
  188  14:54  Ravager x4  
  189  15:01  Infestor x3  
  189  15:06  Zergling x6  
  187  15:13  Zergling x2  
  187  15:14  Zergling x4  
  168  15:29  Roach x3  
  168  15:33  Drone  
  169  15:42  Ravager x2  
  157  15:51  Roach  
  157  15:52  Roach x6  
  156  15:59  Zergling x10  
  158  16:10  Roach  
  158  16:11  Roach x4  
  167  16:12  Ravager x2  
  169  16:20  Zergling x6, Roach  
  169  16:21  Zergling x2  
  169  16:22  Ravager  
  169  16:23  Ravager x3  
  169  16:24  Ravager  
  180  16:31  Zergling x10  
  159  16:53  Zergling x24  
  168  17:03  Baneling x6  
  168  17:13  Zergling x16  
  164  17:35  Infestor x3  
  164  17:43  Zergling x18  
  147  17:52  Zergling x10  
Tags
 
Add a new tag
Caveats
  • Supply blocks, unpowered buildings, or Contaminate may cause inaccurate times.
  • Supply counts are checked every 10 seconds.